 Dungeon Crawl Stone Soup version 0.29.0-4-gdea44cf6ec (webtiles) character file.

Game seed: 2680887234805757894

23 qw the Sneak (level 2, -11/14 HPs)
             Began as a Felid Delver on Aug 27, 2022.
             Mangled by an ogre
             ... wielding a +0 giant club
              (25 damage)
             ... on level 4 of the Dungeon.
             The game lasted 00:00:04 (577 turns).

qw the Sneak (Felid Delver)                          Turns: 577, Time: 00:00:04

Health: -11/14     AC:  1    Str:  8    XL:     2   Next: 75%
Magic:  3/3        EV: 18    Int: 11    God:
Gold:   6          SH:  0    Dex: 17    Spells: 1/1 levels left
                                        Lives:  0   Deaths: 0

rFire   . . .      SeeInvis +     - Unarmed
rCold   . . .      Faith    .   (shield unavailable)
rNeg    . . .      Spirit   .   (body armour unavailable)
rPois   .          Reflect  .   (helmet unavailable)
rElec   .          Harm     .   (cloak unavailable)
rCorr   .          Rampage  .   (gloves unavailable)
Will    .....                   (boots unavailable)
Stlth   +++.......              (no amulet)
HPRegen 0.04/turn               (no ring)
MPRegen 0.08/turn               (no ring)

@: quick
A: very small, claws 1, fangs 3, see invisible, speed 1, shaggy fur 1, stealthy
paws, no weapons or thrown items, no armour, multi-lived
a: no special abilities


You were on level 4 of the Dungeon.
You visited 1 branch of the dungeon, and saw 2 of its levels.

You collected 6 gold pieces.


Innate Abilities, Weirdness & Mutations

You have sharp claws.
You have razor-sharp teeth.
You have supernaturally acute eyesight. (SInv)
You cover ground quickly. (Speed+)
You are covered in fur. (AC +1)
Your paws help you pounce on unaware monsters.
You are incapable of wielding weapons or throwing items.
You cannot wear armour.
You gain extra lives every three experience levels.


   Skills:
 - Level 3.0 Fighting
 - Level 3.1 Dodging
 - Level 6.6 Stealth
 + Level 3.1 Unarmed Combat


You had one spell level left.
You didn't know any spells.
Your spell library was empty.

Inventory:

Wands
 e - a wand of digging (3)
Scrolls
 a - a scroll of identify
 c - 3 scrolls of immolation {unknown}
Potions
 b - a potion of flight {unknown}
 d - a potion of haste
 g - a potion of might {unknown}

Dungeon Overview and Level Annotations

Branches:
Dungeon (5/15)
 Temple: D:4-7

Altars:
Fedhas
Kikubaaqudgha

Portals:
Ossuary: D:4


Message History

Your Dodging skill increases to level 3!
You claw the orc!
You kill the orc!
Things that are here:
a +0 dagger; an orc corpse
465 ||| Stepping ~*~*~tactically~*~*~ (stealth).
Things that are here:
a +0 dagger; an orc corpse
466 ||| Stepping ~*~*~tactically~*~*~ (stealth).
Things that are here:
a +0 dagger; an orc corpse
468 ||| Stepping ~*~*~tactically~*~*~ (stealth).
Things that are here:
a +0 dagger; an orc corpse
470 ||| Stepping ~*~*~tactically~*~*~ (stealth).
Things that are here:
a +0 dagger; an orc corpse
Found a club.
The orc shouts!
You completely miss the orc. The orc misses you.
You scratch the orc. You bite the orc.
You kill the orc!
Found a stone staircase leading up.
Enter note:
Enter note: Sorry, I don't know how to get there.
You hear the brisk hiss of a very distant avalanche of sand.
You open the door.
There is an open door here.
c - 3 scrolls labelled URUNGAM JEAMP
Enter note:
There is an open door here.
You hear the brisk hiss of an avalanche of sand nearby.
An ogre comes into view. It is wielding a +0 giant club.
The ogre shouts!
You barely miss the ogre.
The ogre hits you with a +0 giant club!!
Ouch! That really hurt!
You die...

...# ...# ...#
...# ...#####
...'..># ...###.#
######### ...# #.#
#.O...... ...# #.#
#@# ...###.# #.#
#####..#########.#
#####............#
.............#####
.................
.....#.......###.#
.....#.........#
.....#.......#.#


You could see an ogre.

Vanquished Creatures
  An adder (D:5)
  5 orcs (D:4)
  A giant cockroach (D:4)
  A goblin (D:4)
  A kobold (D:4)
9 creatures vanquished.

Notes
Turn   | Place    | Note
-------+----------+-------------------------------------------
     0 | D:5      | qw the Felid Delver began the quest for the Orb.
     0 | D:5      | Reached XP level 1. HP: 10/10 MP: 2/2
     0 | D:5      | 0 ||| qw: Version: 0.1-a-89-g26bdef1
     0 | D:5      | 0 ||| qw: Game counter: 88
     0 | D:5      | 0 ||| qw: Always use a shield: true
     0 | D:5      | 0 ||| qw: God list: Okawaru, Trog
     0 | D:5      | 0 ||| qw: Allow faded altars: false
     0 | D:5      | 0 ||| qw: Do Orc after D:15 true
     0 | D:5      | 0 ||| qw: Do second Lair branch before Depths: true
     0 | D:5      | 0 ||| qw: Lair rune preference: random
     0 | D:5      | 0 ||| qw: Plans: Normal
     0 | D:5      | 0 ||| PLANNING D:1-11
    33 | D:5      | Reached XP level 2. HP: 14/14 MP: 3/3
    33 | D:5      | 33 ||| DROPPING scroll of fog.
    34 | D:5      | 34 ||| DROPPING scroll of magic mapping.
    35 | D:5      | 35 ||| DROPPING scroll of fear.
    44 | D:4      | 44 ||| PLANNING OSSUARY
    58 | D:4      | 58 ||| Stepping ~*~*~tactically~*~*~ (stealth).
    59 | D:4      | 59 ||| Stepping ~*~*~tactically~*~*~ (stealth).
    61 | D:4      | 61 ||| Stepping ~*~*~tactically~*~*~ (stealth).
   237 | D:4      | Reached skill level 3 in Unarmed Combat
   273 | D:4      | Found a sand-covered staircase.
   274 | D:4      | 274 ||| READING scroll labelled DASHRI GOTU.
   296 | D:4      | Found an ancient bone altar of Kikubaaqudgha.
   311 | D:4      | Found a blossoming altar of Fedhas.
   421 | D:4      | 421 ||| READING scroll labelled AMUYTI ANETRES.
   422 | D:4      | 422 ||| READING scroll labelled COOTEF ZOFO.
   426 | D:4      | 426 ||| READING 3 scrolls labelled ENISUEMATT.
   427 | D:4      | 427 ||| READING scroll labelled LITISOIHEFF.
   428 | D:4      | 428 ||| DROPPING 2 scrolls of butterflies.
   457 | D:4      | 457 ||| Stepping ~*~*~tactically~*~*~ (outnumbered).
   458 | D:4      | 458 ||| Stepping ~*~*~tactically~*~*~ (stealth).
   462 | D:4      | Reached skill level 3 in Dodging
   465 | D:4      | 465 ||| Stepping ~*~*~tactically~*~*~ (stealth).
   466 | D:4      | 466 ||| Stepping ~*~*~tactically~*~*~ (stealth).
   468 | D:4      | 468 ||| Stepping ~*~*~tactically~*~*~ (stealth).
   470 | D:4      | 470 ||| Stepping ~*~*~tactically~*~*~ (stealth).
   567 | D:4      | Noticed an ogre
   577 | D:4      | Mangled by an ogre

Levels and vault maps discovered:
D:4:      layout_basic, grunt_temple_overflow_growth_and_decay,
          nicolae_ossuary_entry_false_entrances
D:5:      layout_rooms, minmay_temple_entry_glass, kennysheep_windowed_goal

Skill      XL: |  1  2 |
---------------+-------+-----
Unarmed Combat | 3 |  3.1
Dodging        | 3 |  3.1
Fighting       | |  3.0
Stealth        | |  6.6

Action                   || total
-------------------------++-------
Melee: Unarmed           ||    28
       Bite              ||     4
  Use: Scroll            ||     5
 Stab: Sleeping          ||     1
Dodge: Dodged            ||    17

Table legend:
 A = Non-vault XP
 B = Vault XP
 C = Vault XP percentage of total XP
 D = Non-vault monster count
 E = Vault monster count
 F = Vault count percentage of total count
                 A         B        C        D         E       F
            +---------+---------+-------+---------+---------+-------
      Total |      34 |       0 |   0.0 |       9 |       0 |   0.0
            +---------+---------+-------+---------+---------+-------
        D:4 |      21 |       0 |   0.0 |       8 |       0 |   0.0
        D:5 |      13 |       0 |   0.0 |       1 |       0 |   0.0
            +---------+---------+-------+---------+---------+-------
